 Dungeon Crawl Stone Soup version 0.18.1-48-g4cf74bf (webtiles) character file.

252 meme the Grave Robber (level 5, -8/28 HPs)
             Began as a Deep Elf Necromancer on July 9, 2016.
             Was an Initiate of Cheibriados.
             Mangled by Trampli's ghost (11 damage)
             ... on level 4 of the Dungeon.
             The game lasted 00:21:28 (2433 turns).

meme the Grave Robber (Deep Elf Necromancer)        Turns: 2433, Time: 00:21:29

Health: -8/28      AC:  4    Str:  7      XL:     5   Next: 89%
Magic:  12/15      EV: 13    Int: 21      God:    Cheibriados [......]
Gold:   175        SH:  0    Dex: 14 (16) Spells: 3 memorised, 10 levels left

rFire  . . .     SeeInvis .     l - +0 trident
rCold  . . .     Gourm    .     a - +0 robe
rNeg   . . .     Faith    .     (no shield)
rPois  .         Spirit   .     (no helmet)
rElec  .         Dismiss  .     (no cloak)
rCorr  .         Reflect  .     (no gloves)
SustAt .         Harm     .     g - +1 pair of boots
MR     .....                    (no amulet)
Stlth  ++........               (no ring)
                                (no ring)

@: very slow, not resistant to hostile enchantments, unstealthy
A: no striking features
a: Bend Time, Renounce Religion


You were on level 4 of the Dungeon.
You worshipped Cheibriados.
Cheibriados was noncommittal.
You were not hungry.

You visited 1 branch of the dungeon, and saw 4 of its levels.

You collected 175 gold pieces.

Inventory:

Hand Weapons
 l - a +0 trident (weapon)
Armour
 a - a +0 robe (worn)
 g - a +1 pair of boots (worn)
 h - a +0 helmet
Scrolls
 e - 2 scrolls of identify
 f - 2 scrolls of recharging
 o - a scroll of remove curse {unknown}
 q - a scroll of enchant armour {unknown}
Potions
 i - a potion of ambrosia
 k - a potion of flight
 n - 2 potions of curing
Books
 b - a book of Necromancy

   Spells                             Type                      Level
   a - Pain                           Necromancy                   1
   b - Animate Skeleton               Necromancy                   1
   c - Vampiric Draining              Necromancy                   3
   d - Regeneration                   Charms/Necromancy            3
   e - Animate Dead                   Necromancy                   4
   f - Control Undead                 Necromancy                   4
Comestibles
 c - 3 bread rations
 d - 2 fruits
 j - a meat ration
 m - a beef jerky


   Skills:
 + Level 3.1 Dodging
 + Level 2.6 Stealth
 + Level 5.8 Spellcasting
 + Level 7.0 Necromancy


You had 10 spell levels left.
You knew the following spells:

 Your Spells              Type           Power        Failure   Level  Hunger
a - Pain                  Necr           ####         1%          1    None
b - Animate Skeleton      Necr           N/A          1%          1    None
c - Vampiric Draining     Necr           #####.....   1%          3    ##.....


Dungeon Overview and Level Annotations

Branches:
Dungeon (4/15)
 Temple: D:4-7

Altars:
Ashenzari
Cheibriados
Fedhas
Pakellas
Ru
Trog
Zin

Annotations:
D:4 Trampli's ghost, amateur TrHu


Message History

Casting: Pain
Confirm with . or Enter, or press ? or * to list all spells.
Aiming: Vampiric Draining
Press: ? - help, Shift-Dir - straight line, f - Trampli's ghost
Aim: Trampli's ghost You can't drain life from that!
Casting: Vampiric Draining
Confirm with . or Enter, or press ? or * to list all spells.
You don't know that spell.
Casting: Vampiric Draining
Confirm with . or Enter, or press ? or * to list all spells.
You can't see any susceptible monsters within range! (Use Z to cast anyway.) Trampli's ghost hits you.
Trampli's ghost hits you!
* * * LOW HITPOINT WARNING * * *
The flow of time bends around you.
Cheibriados rebukes Trampli's ghost.
Trampli's ghost seems to slow down.
You feel slightly more hungry. Trampli's ghost hits you!
You die...

#.# #.# ##.## ....# ## #..##
.. ###...######### ..
..#.##.............######....
.....'.......................
....##.......##W@....<#.####
..# #...........#.#### .
###'#...##..#.# #......#..#.#
#..###.####.# #... ..# #.#
##.## ..# #.# #.# ... ..# #..
..##


You could see Trampli's ghost.

Vanquished Creatures
  An ogre (D:3)
  A giant frog skeleton (D:4)
  An iguana (D:4)
  4 adders (D:2)
  3 oozes
  A worm (D:2)
  3 dart slugs
  A giant gecko (D:1)
  An orc (D:3)
  3 bats
  7 giant cockroaches
  8 hobgoblins
  7 jackals (D:1)
  2 giant newts
  3 goblins
  3 kobolds
  7 rats
56 creatures vanquished.

Vanquished Creatures (collateral kills)
  An ooze (D:2)
1 creature vanquished.

Grand Total: 57 creatures vanquished

Notes
Turn   | Place    | Note
--------------------------------------------------------------
     0 | D:1      | meme the Deep Elf Necromancer began the quest for the Orb.
     0 | D:1      | Reached XP level 1. HP: 10/10 MP: 6/6
     5 | D:1      | Reached skill level 5 in Necromancy
    56 | D:1      | Reached XP level 2. HP: 2/15 MP: 0/8
    59 | D:1      | Learned a level 1 spell: Animate Skeleton
   627 | D:1      | Reached XP level 3. HP: 15/19 MP: 6/10
  1368 | D:2      | Found a bloodstained altar of Trog.
  1388 | D:2      | Reached XP level 4. HP: 12/24 MP: 6/12
  1436 | D:2      | Reached skill level 6 in Necromancy
  1494 | D:2      | Found a glowing silver altar of Zin.
  1727 | D:2      | Found a blossoming altar of Fedhas.
  1727 | D:2      | Found an oddly glowing altar of Pakellas.
  1728 | D:2      | Found a sacrificial altar of Ru.
  1728 | D:2      | Found a snail-covered altar of Cheibriados.
  1740 | D:2      | Became a worshipper of Cheibriados the Contemplative
  1758 | D:2      | Found a shattered altar of Ashenzari.
  1870 | D:3      | Noticed an ogre
  1917 | D:3      | Killed an ogre
  1917 | D:3      | Reached skill level 5 in Spellcasting
  1917 | D:3      | Reached XP level 5. HP: 21/28 MP: 6/14
  2413 | D:4      | Reached skill level 7 in Necromancy
  2422 | D:4      | Noticed Trampli's ghost (amateur TrHu)
  2424 | D:4      | Learned a level 3 spell: Vampiric Draining
  2433 | D:4      | Mangled by Trampli's ghost

Skill      XL: |  1  2  3  4  5 |
---------------+----------------+-----
Necromancy     | 5 6 7 |  7.0
Spellcasting   | 4 5 |  5.8
Dodging        | 3 |  3.1
Stealth        | |  2.6

Action                   |  1- 3 |  4- 6 || total
-------------------------+-------+-------++-------
Melee: Unarmed           |     4 |     1 ||     5
       Trident           |       |     7 ||     7
 Cast: Pain              |    75 |    38 ||   113
       Animate Skeleton  |     8 |     6 ||    14
Invok: Bend Time         |       |     1 ||     1
  Use: Potion            |     5 |       ||     5
       Scroll            |     2 |     1 ||     3
  Eat: Chunk             |     1 |     4 ||     5
Armor: Robe              |     7 |     4 ||    11
Dodge: Dodged            |    18 |    12 ||    30
